 Dungeon Crawl Stone Soup version 0.28.0-43-g3370ac3207 (webtiles) character file.

Game seed: 3087255812823308233

1059 issech the Cudgeller (level 8, -1/78 HPs)
             Began as a Troll Monk on Mar 23, 2022.
             Slain by an orc warrior
             ... wielding a +0 halberd
              (18 damage)
             ... on level 6 of the Dungeon.
             The game lasted 00:16:48 (4803 turns).

issech the Cudgeller (Troll Monk)                   Turns: 4803, Time: 00:16:48

Health: -1/78      AC:  9    Str: 20    XL:     8   Next: 6%
Magic:  7/7        EV: 11    Int:  6    God:
Gold:   250        SH:  0    Dex: 14    Spells: 7/7 levels left

rFire   . . .      SeeInvis .   w - +0 morningstar
rCold   + . .      Faith    .   (no shield)
rNeg    . . .      Spirit   .   b - +0 robe
rPois   .          Reflect  .   (helmet restricted)
rElec   .          Harm     .   g - +0 cloak
rCorr   .          Rampage  .   (gloves unavailable)
Will    .....                   (boots unavailable)
Stlth   +.........              (no amulet)
HPRegen 1.03/turn               k - ring of protection from cold
MPRegen 0.10/turn               q - +4 ring of protection

@: confused
A: large, unfitting armour, claws 3, regeneration 1, shaggy fur 1, tough skin 1
a: no special abilities


You were on level 6 of the Dungeon.
You visited 1 branch of the dungeon, and saw 6 of its levels.

You collected 250 gold pieces.

Inventory:

Hand Weapons
 a - a +0 mace
 i - a +0 hunting sling
 s - a +1 dagger of speed
 t - a +0 flail
 w - a +0 morningstar (weapon)
 x - a +0 short sword of venom
Missiles
 c - 236 stones
 j - 2 large rocks (quivered)
 l - 8 javelins
 n - 2 boomerangs of dispersal
 v - 29 bolts
 A - 4 poisoned darts
 B - 19 sling bullets
 E - 2 boomerangs
 H - 19 arrows
Armour
 b - a +0 robe (worn)
 g - a +0 cloak (worn)
Jewellery
 k - a ring of protection from cold (left claw)
 q - a +4 ring of protection (right claw)
Wands
 y - a wand of iceblast (13)
Scrolls
 e - a scroll of identify
 m - a scroll of noise
 o - a scroll of blinking
 r - a scroll of teleportation
 D - a scroll of enchant weapon
 F - 2 scrolls of vulnerability
 G - a scroll of magic mapping
Potions
 d - 4 potions of heal wounds {unknown}
 f - 2 potions of curing {unknown}
 h - a potion of lignification {unknown}
 p - a potion of ambrosia {unknown}
 u - a potion of cancellation {unknown}
 z - a potion of flight {unknown}


   Skills:
 + Level 4.0 Fighting
 + Level 6.8 Maces & Flails
 + Level 4.3 Dodging
 + Level 1.8 Stealth


You had 7 spell levels left.
You didn't know any spells.
Your spell library contained the following spells:

 Spells                   Type           Power      Damage    Failure   Level
 Summon Small Mammal      Summ           0%         N/A       45%         1
 Call Canine Familiar     Summ           0%         N/A       83%         3
 Frozen Ramparts          Ice            0%         1d2       83%         3
 Summon Guardian Golem    Hex/Summ       0%         N/A       83%         3
 Ice Form                 Ice/Tmut       0%         N/A       99%         4
 Summon Ice Beast         Ice/Summ       0%         N/A       99%         4


Dungeon Overview and Level Annotations

Branches:
Dungeon (6/15)
 Temple: D:4-7

Altars:
Xom


Innate Abilities, Weirdness & Mutations

You are too large for most types of armour.
You have claws for hands.
Your natural rate of healing is unusually fast.
You are covered in fur. (AC +1)
You have tough skin. (AC +1)


Message History

The orc wizard barely misses you. The orc hits you with a +0 flail.
The orc warrior barely misses you.
You puncture the orc!
You kill the orc!
The orc wizard hits you but does no damage.
The orc warrior barely misses you.
The orc wizard points at you and mumbles some strange words.
The puff of flame hits you.
You hit the orc warrior but do no damage.
The orc warrior hits you with a +0 halberd.
The orc wizard hits you but does no damage.
You completely miss the orc warrior.
The orc warrior hits you with a +0 halberd!
The orc wizard points at you and mumbles some strange words.
The magic dart hits you.
You barely miss the orc warrior. The orc warrior closely misses you.
The orc wizard misses you.
You closely miss the orc warrior.
The orc warrior hits you with a +0 halberd!!
* * * LOW HITPOINT WARNING * * *
The orc wizard casts a spell at you.
You are confused.
The orc warrior hits you but does no damage.
The orc warrior hits you with a +0 halberd.
* * * LOW HITPOINT WARNING * * *
The orc wizard closely misses you.
You're too confused to move!
The orc warrior misses you.
The orc wizard points at you and mumbles some strange words.
You are more confused.
The orc warrior completely misses you.
The orc wizard hits you but does no damage.
You bump into the rock wall.
The orc warrior hits you from afar with a +0 halberd.
* * * LOW HITPOINT WARNING * * *
The orc wizard hits you but does no damage.
You bump into the rock wall.
The orc warrior barely misses you. The orc wizard closely misses you.
The orc warrior barely misses you. The orc wizard barely misses you.
The orc warrior hits you with a +0 halberd!!
You die...

#.# #.#.#..#.##.###
#.#####.#.#.<#......#
#.##......#..####.#.#
#.##.##.###......†#.#
#.#.#.#.......###.##.#
#####.###..#..####.###.##.#
#....# ##).....##.#......#
...o###..o)........#.####
#..##oo#.###@o#.##.###.# #
...#..o..#
#..#.##.....######
##.......#
#.......######....
#.#...#.# ###..>### #.###
....##.# #...# #####.#
(.<... ..# #...####...#.###
#.#.#.
#######........#...... #
##. #.......)....#...### .
...........#####.#..


You could see an orc warrior and an orc wizard.

Vanquished Creatures
  An acid dragon (D:6)
  3 water moccasins
  A black bear (D:6)
  A necrophage (D:5)
  A bullfrog zombie (D:5)
  A centaur zombie (D:5)
  An orc priest (D:6)
  A centaur skeleton (D:4)
  A jelly (D:4)
  A bullfrog skeleton (D:5)
  An iguana (D:6)
  An orc wizard (D:4)
  A killer bee zombie (D:6)
  A hound zombie (D:5)
  4 gnolls (D:2)
  3 adders
  2 white imps
  A worm (D:4)
  4 dart slugs
  12 orcs
  A ball python (D:1)
  4 endoplasms
  2 giant cockroaches
  13 goblins
  4 hobgoblins
  8 jackals
  5 kobolds
  4 quokkas
  4 bats
  6 frilled lizards
  6 rats
99 creatures vanquished.

Vanquished Creatures (others)
  2 plants (D:3)
2 creatures vanquished.

Grand Total: 101 creatures vanquished

Notes
Turn   | Place    | Note
-------+----------+-------------------------------------------
     0 | D:1      | issech the Troll Monk began the quest for the Orb.
     0 | D:1      | Reached XP level 1. HP: 22/22 MP: 0/0
   147 | D:1      | Reached XP level 2. HP: 29/29 MP: 1/1
   409 | D:1      | Reached skill level 3 in Maces & Flails
   630 | D:2      | Reached XP level 3. HP: 36/36 MP: 2/2
  1031 | D:2      | Found a shimmering altar of Xom.
  1080 | D:2      | Found a faded altar of an unknown god.
  1213 | D:2      | Reached XP level 4. HP: 31/44 MP: 3/3
  2587 | D:3      | Reached XP level 5. HP: 52/52 MP: 4/4
  2731 | D:4      | Reached skill level 4 in Maces & Flails
  3462 | D:5      | Entered Level 5 of the Dungeon
  3533 | D:5      | Noticed a water moccasin
  3543 | D:5      | Killed a water moccasin
  3544 | D:5      | Reached skill level 5 in Maces & Flails
  3544 | D:5      | Reached XP level 6. HP: 39/61 MP: 5/5
  3734 | D:5      | Reached XP level 7. HP: 59/67 MP: 6/6
  4441 | D:6      | Reached skill level 6 in Maces & Flails
  4628 | D:6      | Reached XP level 8. HP: 34/78 MP: 7/7
  4803 | D:6      | Slain by an orc warrior

Illustrated notes

Levels and vault maps discovered:
D:1:      dpeg_arrival_court, layout_basic
D:2:      layout_rooms, shapermc_ecumenical_altar_notcrosses, basic_altar
D:3:      layout_basic, guppyfry_early_lair_pool
D:4:      layout_loops_ring
D:5:      layout_loops_cross
D:6:      layout_loops_cross, mainiacjoe_overflow_cross_hatched,
          lemuel_temple_firewalk_b, hellmonk_ghost_happy_afterlife,
          chequers_mini_garden, abandoned_shop, minmay_starry_boxes

Skill      XL: |  1  2  3  4  5  6  7 |
---------------+----------------------+-----
Maces & Flails | 3 5 6 |  6.8
Dodging        | 3 4 |  4.3
Fighting       | 3 4 |  4.0
Stealth        | |  1.8

Action                   |  1- 3 |  4- 6 |  7- 9 || total
-------------------------+-------+-------+-------++-------
Melee: Mace              |   102 |    53 |       ||   155
       Punch             |     1 |     1 |     1 ||     3
       Flail             |       |    80 |       ||    80
       Morningstar       |       |    67 |    62 ||   129
  Use: Scroll            |       |       |     7 ||     7
 Stab: Sleeping          |     3 |     2 |     2 ||     7
Armor: Robe              |    47 |   116 |    41 ||   204
Dodge: Dodged            |    61 |   152 |    55 ||   268
